 Dungeon Crawl Stone Soup version 0.27.1-1-g398f81649c (webtiles) character file.

Game seed: 1158794816958731663

1162 speeev33 the Skirmisher (level 8, -2/71 HPs)
             Began as a Hill Orc Fighter on Sept 7, 2021.
             Slain by a komodo dragon (13 damage)
             ... on level 6 of the Dungeon.
             The game lasted 00:09:28 (5042 turns).

speeev33 the Skirmisher (Hill Orc Fighter)          Turns: 5042, Time: 00:09:28

Health: -2/71      AC: 16    Str: 21    XL:     8   Next: 39%
Magic:  8/8        EV:  6    Int:  8    God:
Gold:   272        SH: 10    Dex: 10    Spells: 7/7 levels left

rFire    + . .     SeeInvis .   a - +1 war axe
rCold    . . .     Faith    .   c - +0 kite shield
rNeg     . . .     Spirit   .   y - +0 chain mail
rPois    .         Reflect  .   f - +0 helmet
rElec    .         Harm     .   q - +1 cloak
rCorr    .         Rampage  .   (no gloves)
Will     +....                  v - +1 pair of boots
Stlth    ..........             n - amulet of regeneration
HPRegen  1.21/turn              h - ring of willpower
MPRegen  0.11/turn              m - ring of protection from fire

@: no status effects
A: no striking features
a: no special abilities


You were on level 6 of the Dungeon.
You visited 2 branches of the dungeon, and saw 7 of its levels.

You collected 272 gold pieces.

Inventory:

Hand Weapons
 a - a +1 war axe (weapon)
 d - a +0 flail
Missiles
 w - 3 javelins (quivered)
Armour
 b - a +0 scale mail
 c - a +0 kite shield (worn)
 f - a +0 helmet (worn)
 q - a +1 cloak (worn)
 v - a +1 pair of boots (worn)
 y - a +0 chain mail (worn)
Jewellery
 h - a ring of willpower (left hand)
 m - a ring of protection from fire (right hand)
 n - an amulet of regeneration (around neck)
 u - a ring of protection from cold
Scrolls
 i - 2 scrolls of immolation
 j - a scroll of silence
 k - 3 scrolls of teleportation
 s - 2 scrolls of blinking
 x - a scroll of enchant weapon
Potions
 e - a potion of lignification {unknown}
 g - a potion of brilliance {unknown}
 l - 3 potions of heal wounds
 o - a potion of flight {unknown}
 p - a potion of resistance {unknown}
 r - 2 potions of degeneration
 t - 4 potions of curing {unknown}
 z - a potion of magic {unknown}


   Skills:
 + Level 6.9 Fighting
 + Level 6.8 Axes
 + Level 6.2 Armour
 + Level 6.2 Shields


You had 7 spell levels left.
You didn't know any spells.
Your spell library contained the following spells:

 Spells                   Type           Power      Damage    Failure   Level
 Blink                    Tloc           N/A        N/A       100%        2
 Slow                     Hex            0%         N/A       100%        2
 Confusing Touch          Hex            0%         N/A       100%        3
 Dazzling Flash           Conj/Hex       0%         N/A       100%        3
 Iskenderun's Mystic Bla  Conj/Tloc      0%         2d3       100%        4
 Manifold Assault         Tloc           0%         N/A       100%        5
 Yara's Violent Unravell  Hex/Tmut       0%         3d3       100%        5
 Starburst                Conj/Fire      0%         6d3       100%        6
 Storm Form               Tmut/Air       0%         N/A       100%        7


Dungeon Overview and Level Annotations

Branches:
Dungeon (6/15)             Temple (1/1) D:5

Altars:
Cheibriados
Elyvilon
Fedhas
Gozag
Hepliaklqana
Kikubaaqudgha
Makhleb
Qazlal
Ru
Sif Muna
Trog
Uskayaw
Wu Jian
Xom
Yredelemnul
Zin
The Shining One


Message History

You slash the komodo dragon!
The komodo dragon is heavily wounded.
The komodo dragon barely misses you.
You hit the komodo dragon.
The komodo dragon is heavily wounded.
You block the komodo dragon's attack.
You hit the komodo dragon.
The komodo dragon is severely wounded.
The komodo dragon bites you! You block the komodo dragon's attack.
You hit the komodo dragon.
The komodo dragon is severely wounded.
You block the komodo dragon's attack.
You hit the komodo dragon.
The komodo dragon is severely wounded.
The komodo dragon bites you!!
You are too injured to fight recklessly!
You are too injured to fight recklessly!
You are too injured to fight recklessly!
You are too injured to fight recklessly!
You are too injured to fight recklessly!
You are too injured to fight recklessly!
You are too injured to fight recklessly!
You are too injured to fight recklessly!
You are too injured to fight recklessly!
You are too injured to fight recklessly!
You are too injured to fight recklessly!
You are too injured to fight recklessly!
You are too injured to fight recklessly!
You are too injured to fight recklessly!
You are too injured to fight recklessly!
You are too injured to fight recklessly!
You are too injured to fight recklessly!
You are too injured to fight recklessly!
You are too injured to fight recklessly!
You slash the komodo dragon!
The komodo dragon is almost dead.
The komodo dragon bites you!!
* * * LOW HITPOINT WARNING * * *
The komodo dragon bites you!
You die...

# ### # ..# # ##+# ...
##...# #.# #.....# ###
#.# .......## ##.###.#
........####...##.######
......l@'...............
...)....####...##.######
.......## ##.###.# #
#.....# ### #.# # ##...#
#.# # ##+# #.# # ..# #
#.# # ..# #


You could see a komodo dragon.

Vanquished Creatures
  Purgy (D:4)
  A centaur (D:5)
  A phantom (D:6)
  A bullfrog (D:6)
  A scorpion (D:5)
  A water moccasin skeleton (D:4)
  3 wights (D:6)
  A bullfrog skeleton (D:5)
  Crazy Yiuf (D:4)
  3 hounds
  2 orc priests
  2 iguanas (D:5)
  Natasha (thrice) (D:2)
  An orc wizard (D:5)
  A killer bee zombie (D:4)
  A hound zombie (D:5)
  A hound skeleton (D:4)
  Robin (D:4)
  3 adders
  4 gnolls (D:5)
  An ufetubus (D:5)
  An adder skeleton (D:4)
  4 worms
  4 dart slugs
  12 orcs
  4 bats (D:1)
  8 endoplasms
  2 giant cockroaches
  9 goblins
  11 hobgoblins
  4 quokkas
  9 ball pythons
  6 frilled lizards
  9 kobolds
  4 rats
121 creatures vanquished.

Vanquished Creatures (others)
  3 fungi (D:4)
3 creatures vanquished.

Grand Total: 124 creatures vanquished

Notes
Turn   | Place    | Note
-------+----------+-------------------------------------------
     0 | D:1      | speeev33 the Hill Orc Fighter began the quest for the Orb.
     0 | D:1      | Reached XP level 1. HP: 19/19 MP: 1/1
   176 | D:1      | Reached XP level 2. HP: 27/27 MP: 2/2
   730 | D:1      | Reached XP level 3. HP: 33/33 MP: 3/3
  1124 | D:2      | Noticed Natasha
  1132 | D:2      | Killed Natasha
  1199 | D:2      | Reached XP level 4. HP: 40/40 MP: 4/4
  1369 | D:2      | Noticed Natasha
  1385 | D:2      | Killed Natasha
  1537 | D:2      | Noticed Natasha
  1544 | D:2      | Killed Natasha
  1545 | D:2      | Reached XP level 5. HP: 47/47 MP: 5/5
  1858 | D:3      | Found a hide-covered altar of Uskayaw.
  2190 | D:3      | Found a basalt altar of Yredelemnul.
  2582 | D:4      | Reached skill level 5 in Fighting
  2582 | D:4      | Reached XP level 6. HP: 56/56 MP: 6/6
  2748 | D:4      | Noticed Purgy
  2760 | D:4      | Killed Purgy
  2761 | D:4      | Reached skill level 5 in Axes
  2841 | D:4      | Noticed a black bear
  3006 | D:4      | Reached skill level 5 in Armour
  3059 | D:4      | Noticed Robin
  3068 | D:4      | Killed Robin
  3069 | D:4      | Reached skill level 5 in Shields
  3076 | D:4      | Reached XP level 7. HP: 61/61 MP: 7/7
  3446 | D:4      | Found a runed translucent door.
  3447 | D:4      | Noticed Crazy Yiuf
  3454 | D:4      | Killed Crazy Yiuf
  3553 | D:5      | Entered Level 5 of the Dungeon
  3610 | D:5      | Found a sacrificial altar of Ru.
  3878 | D:5      | Reached XP level 8. HP: 71/71 MP: 8/8
  3884 | D:5      | Found a glowing golden altar of the Shining One.
  3891 | D:5      | Found a staircase to the Ecumenical Temple.
  3902 | Temple   | Entered the Ecumenical Temple
  4646 | D:5      | Found a glowing silver altar of Zin.
  5032 | D:6      | Noticed a komodo dragon
  5042 | D:6      | Slain by a komodo dragon

Illustrated notes

Levels and vault maps discovered:
D:1:      matt_arrival_los_fun, layout_basic
D:2:      layout_basic, uniq_natasha
D:3:      layout_loops_ring, yredelemnul_altar_generic,
          mainiacjoe_overflow_six_doors_small, kennysheep_donut
D:4:      layout_loops_corners, uniq_purgy, uniq_crazy_yiuf_cottage, uniq_robin
D:5:      layout_loops_ring, mainiacjoe_overflow_paths, hangedman_ru_absence,
          nicolae_overflow_hidden_temple, minmay_temple_entry_statues_pillars,
          amcnicky_mini_corridor_feature
D:6:      layout_loops_corners, nicolae_vehumet_radiance, minmay_misc_feat_iff
Temple:   minmay_temple_forest_path

Skill      XL: |  1  2  3  4  5  6  7  8 |
---------------+-------------------------+-----
Axes           | 3 4 5 6 |  6.8
Fighting       | 4 5 6 |  6.9
Armour         | 4 5 6 |  6.2
Shields        | 4 5 6 |  6.2

Action                   |  1- 3 |  4- 6 |  7- 9 || total
-------------------------+-------+-------+-------++-------
Melee: War axe           |    90 |   181 |   150 ||   421
Throw: Javelin           |       |       |     1 ||     1
  Use: Scroll            |     5 |     5 |     2 ||    12
       Potion            |       |     1 |       ||     1
Armor: Scale mail        |    40 |   106 |    43 ||   189
       Chain mail        |       |       |    31 ||    31
Dodge: Dodged            |    23 |    41 |    45 ||   109
Block: Kite shield       |    55 |    96 |    96 ||   247
